 Dungeon Crawl Stone Soup version 0.30.0-30-g96aa6591b8 (webtiles) character file.

Game seed: 8672170392562937033

42 Bnni the Cudgeller (level 3, 0/29 HPs)
             Began as a Barachi Warper on June 30, 2023.
             Slain by an adder (2 damage)
             ... on level 2 of the Dungeon.
             The game lasted 00:01:18 (1087 turns).

Bnni the Cudgeller (Barachi Warper)                 Turns: 1087, Time: 00:01:19

Health: 0/29       AC:  5    Str: 14    XL:     3   Next: 56%
Magic:  6/6        EV: 11    Int: 13    God:
Gold:   52         SH:  0    Dex: 11    Spells: 6/6 levels left

rFire   . . .        e - +0 whip
rCold   . . .        (no shield)
rNeg    . . .        a - +0 ring mail
rPois   .            (no helmet)
rElec   .            (no cloak)
rCorr   .            (no gloves)
SInv    .            (no boots)
Will    .....        (no amulet)
Stlth   +            (no ring)
HPRegen 0.24/turn    (no ring)
MPRegen 0.10/turn

%: no passive effects
@: lethally poisoned (0 -> -3), hasted, quick
A: amphibious, slowness 1, strong legs 1, +LOS
a: Hop


You were on level 2 of the Dungeon.
You visited 1 branch of the dungeon, and saw 2 of its levels.

You collected 52 gold pieces.

Inventory:

Hand Weapons
 e - a +0 whip (weapon)
Missiles
 d - 7 boomerangs of dispersal (quivered)
Armour
 a - a +0 ring mail (worn)
 b - a +0 leather armour
Scrolls
 c - 2 scrolls of blinking
 h - a scroll of enchant weapon {unknown}
 i - a scroll of vulnerability {unknown}
 j - a scroll of identify {unknown}
Potions
 g - a potion of curing {unknown}
 k - a potion of resistance {unknown}


   Skills:
 + Level 3.3 Fighting
 * Level 3.7 Maces & Flails
 - Level 1.0 Throwing
 - Level 1.2 Armour
 - Level 2.1 Dodging
 - Level 2.1 Spellcasting
 - Level 3.2 Translocations


You had 6 spell levels left.
You didn't know any spells.
Your spell library contained the following spells:

 Spells                   Type           Power      Damage    Failure   Level
 Blink                    Tloc           18%        N/A       21%         2
 Lesser Beckoning         Tloc           18%        N/A       21%         2
 Teleport Other           Tloc           9%         N/A       36%         3
 Vhi's Electric Charge    Tloc/Air       10%        N/A       61%         3
 Manifold Assault         Tloc           9%         N/A       78%         4


Dungeon Overview and Level Annotations

Branches:
Dungeon (2/15)

Altars:


Innate Abilities, Weirdness & Mutations

You are amphibious.
You cover ground slowly.
You can hop short distances.
You have an extended range of vision and can be seen from far away.


Message History

You hit the goblin but do no damage. The goblin hits you but does no damage.
The ball python closely misses you. x2
You barely miss the goblin. The goblin hits you but does no damage.
The ball python bites you but does no damage.
The ball python grabs you. The ball python constricts you.
You barely miss the ball python. The ball python barely misses you.
The ball python constricts you. The goblin hits you with a +0 dagger.
You closely miss the ball python. The ball python bites you.
The ball python constricts you. The goblin closely misses you.
You hit the ball python.
You kill the ball python!
The goblin hits you but does no damage.
You barely miss the adder. The adder barely misses you.
You closely miss the adder. The adder barely misses you.
The goblin hits you with a +0 dagger. The adder bites you.
You are poisoned.
The adder poisons you!
You closely miss the adder.
You feel sick. The goblin hits you with a +0 dagger.
The adder bites you but does no damage.
You hit the adder.
The adder is moderately wounded.
The goblin hits you but does no damage. The adder bites you.
You hit the adder.
The adder is moderately wounded.
You feel sick. The goblin hits you with a +0 dagger. The adder bites you.
You hit the adder. Your punch misses the adder.
The adder is heavily wounded.
You feel sick. The adder bites you but does no damage.
The goblin hits you with a +0 dagger.
* * * LOW HITPOINT WARNING * * *
You miss the adder.
The adder is heavily wounded.
You feel sick. The adder bites you but does no damage. The goblin misses you.
It was a potion of haste.
You feel yourself speed up.
You feel sick.
You are no longer poisoned.
The adder bites you.
* * * LOW HITPOINT WARNING * * *
You are lethally poisoned!
The adder poisons you! The goblin barely misses you. The adder bites you.
You die...

.... #..............
..... ###..............
..... ...##...........
...... ####.##.#.........
......##.................
....!....................
.##.......†..........#...
.......S....##+##........
.......g@................
.......†...............#.
.......####............##
....... ..............##
...... ..............#
...... ..............##
#...# ............###.
.... ............###. ...
................


You could see an adder and a goblin.

Vanquished Creatures
  An adder (D:2)
  2 dart slugs (D:1)
  2 endoplasms (D:1)
  3 giant cockroaches
  2 goblins (D:1)
  2 hobgoblins (D:1)
  3 kobolds (D:1)
  2 quokkas (D:1)
  7 ball pythons
  4 frilled lizards
  2 rats
30 creatures vanquished.

Notes
Turn   | Place    | Note
-------+----------+-------------------------------------------
     0 | D:1      | Bnni the Barachi Warper began the quest for the Orb.
     0 | D:1      | Reached XP level 1. HP: 17/17 MP: 3/3
    88 | D:1      | Reached XP level 2. HP: 20/23 MP: 5/5
   436 | D:1      | Reached XP level 3. HP: 23/29 MP: 6/6
  1087 | D:2      | Slain by an adder

Illustrated notes

Levels and vault maps discovered:
D:1:      lemuel_arrival_broad_hall, layout_basic
D:2:      layout_basic, uniq_crazy_yiuf_cottage

Skill      XL: |  1  2 |
---------------+-------+-----
Maces & Flails | 3 |  3.7
Fighting       | 3 |  3.3
Throwing       | |  1.0
Armour         | |  1.2
Dodging        | |  2.1
Spellcasting   | |  2.1
Translocations | |  3.2

Action                     || total
---------------------------++-------
  Melee: Whip              ||   118
         Mace              ||     7
         Punch             ||     1
    Use: Potion            ||     1
 Armour: Leather armour    ||     6
         Ring mail         ||    41
  Dodge: Dodged            ||    66
